[ AOE2 MATCH · #505777948 ]
UnrankedEthiopians vs Slavs
Player's team · LOSS
Rival team · WIN
[ REPLAY ANALYSIS · EXTRACTED FROM THE RECORDED GAME ]
Feudal
8:51
Castle
23:33
Imperial
50:11
| APM avg | 33.0 |
| APM peak | 95 |
| eAPM avg | 21.5 |
| Villagers / military | 151 / 392 |
Focus
⚔️ 47.2% · 🌾 52.8%
Scout Cavalry ×239 · Archer ×136 · Trebuchet (Packed) ×9 · Battering Ram ×7 · Mangonel ×1
Feudal
9:15
Castle
32:16
Imperial
47:51
| APM avg | 25.6 |
| APM peak | 57 |
| eAPM avg | 14.3 |
| Villagers / military | 168 / 173 |
Focus
⚔️ 33.9% · 🌾 66.1%
Boyar ×83 · Spearman ×44 · Archer ×13 · Mangonel ×10 · Militia ×7 · Trebuchet (Packed) ×5
Match map
Initial resources + every placement click. Lines = walls · curves = elevation contours. ◆ gold · ⬟ stone · ● berries · ✦ relic · ◌ wall gap
Your base· ✓ Closed at 23:33 · 12t walls · 1 gate(s) · fragile
Kinait's base· Open — unwalled flank
Smoothed initial terrain · ◌ = detected wall gap · hover for details
Inputs per minute
— MoroccanEmpire - - Kinait
Build order — MoroccanEmpire
First 150 of 836 actions detected
| 0:00 | Queue | Villager (Male) |
| 0:01 | Queue | Villager (Male) |
| 0:01 | Queue | Villager (Male) |
| 0:02 | Build | House |
| 0:04 | Build | House |
| 0:09 | Queue | Villager (Male) |
| 1:33 | Queue | Villager (Male) |
| 1:46 | Build | Lumber Camp |
| 2:01 | Queue | Villager (Male) |
| 2:01 | Queue | Villager (Male) |
| 2:19 | Build | House |
| 2:23 | Queue | Villager (Male) |
| 2:23 | Queue | Villager (Male) |
| 2:52 | Queue | Villager (Male) |
| 3:16 | Queue | Villager (Male) |
| 3:16 | Queue | Villager (Male) |
| 3:43 | Queue | Villager (Male) |
| 3:43 | Queue | Villager (Male) |
| 3:59 | Queue | Villager (Male) |
| 4:00 | Queue | Villager (Male) |
| 4:11 | Queue | Villager (Male) |
| 4:54 | Queue | Villager (Male) |
| 4:55 | Queue | Villager (Male) |
| 5:33 | Build | Mining Camp |
| 5:40 | Queue | Villager (Male) |
| 5:41 | Research | Loom |
| 6:36 | Research | Feudal Age |
| 8:02 | Build | House |
| 8:10 | Build | Barracks |
| 8:14 | Queue | Villager (Male) |
| 8:15 | Queue | Villager (Male) |
| 8:30 | Build | Palisade Wall |
| 8:51 | Age | Feudal Age |
| 9:08 | Build | Palisade Wall |
| 9:11 | Build | Palisade Wall |
| 9:15 | Build | House |
| 9:18 | Build | Archery Range |
| 9:26 | Build | House |
| 9:33 | Queue | Villager (Male) |
| 9:39 | Build | Archery Range |
| 9:47 | Build | House |
| 9:52 | Build | House |
| 10:02 | Queue | Villager (Male) |
| 10:05 | Research | Double-Bit Axe |
| 10:15 | Queue | Archer |
| 10:22 | Build | House |
| 10:27 | Build | Palisade Wall |
| 10:30 | Queue | Villager (Male) |
| 10:42 | Queue | Archer |
| 10:45 | Queue | Archer |
| 10:58 | Queue | Archer |
| 11:03 | Build | House |
| 11:18 | Queue | Villager (Male) |
| 11:18 | Queue | Villager (Male) |
| 11:22 | Build | Mill |
| 11:43 | Queue | Archer |
| 11:43 | Queue | Archer |
| 12:13 | Queue | Archer |
| 12:13 | Queue | Archer |
| 12:14 | Queue | Villager (Male) |
| 12:14 | Queue | Villager (Male) |
| 12:31 | Build | House |
| 13:13 | Build | Palisade Gate |
| 13:17 | Queue | Villager (Male) |
| 13:17 | Queue | Villager (Male) |
| 13:29 | Build | Farm |
| 13:41 | Build | House |
| 13:48 | Build | Farm |
| 13:56 | Build | Mining Camp |
| 14:05 | Build | Farm |
| 14:08 | Build | Farm |
| 14:17 | Build | Blacksmith |
| 14:28 | Build | Farm |
| 14:29 | Queue | Villager (Male) |
| 14:48 | Queue | Archer |
| 14:48 | Queue | Archer |
| 15:05 | Build | Farm |
| 15:11 | Build | Farm |
| 15:13 | Queue | Villager (Male) |
| 15:13 | Queue | Villager (Male) |
| 15:36 | Queue | Villager (Male) |
| 15:39 | Queue | Archer |
| 15:39 | Queue | Archer |
| 16:03 | Research | Fletching |
| 16:11 | Queue | Villager (Male) |
| 16:13 | Build | Farm |
| 16:18 | Build | Farm |
| 16:25 | Queue | Archer |
| 16:25 | Queue | Archer |
| 16:46 | Queue | Archer |
| 16:46 | Queue | Archer |
| 16:49 | Research | Padded Archer Armor |
| 16:56 | Queue | Villager (Male) |
| 16:57 | Queue | Villager (Male) |
| 17:00 | Build | Farm |
| 17:05 | Build | Farm |
| 17:14 | Build | Farm |
| 17:24 | Build | House |
| 17:25 | Queue | Villager (Male) |
| 17:32 | Build | Farm |
| 17:38 | Build | House |
| 17:39 | Build | House |
| 17:41 | Build | House |
| 17:42 | Build | House |
| 17:50 | Queue | Villager (Male) |
| 18:09 | Build | Farm |
| 18:39 | Queue | Villager (Male) |
| 18:40 | Queue | Villager (Male) |
| 18:52 | Queue | Archer |
| 18:53 | Queue | Archer |
| 19:11 | Build | House |
| 19:11 | Build | House |
| 19:17 | Queue | Archer |
| 19:17 | Queue | Archer |
| 19:35 | Build | House |
| 19:36 | Build | House |
| 19:38 | Build | House |
| 19:41 | Build | Farm |
| 20:06 | Queue | Archer |
| 20:06 | Queue | Archer |
| 20:14 | Build | Farm |
| 20:37 | Queue | Archer |
| 20:53 | Research | Castle Age |
| 21:21 | Queue | Archer |
| 21:22 | Queue | Archer |
| 21:32 | Queue | Archer |
| 21:32 | Queue | Archer |
| 21:43 | Build | House |
| 21:45 | Build | House |
| 22:01 | Queue | Archer |
| 22:01 | Queue | Archer |
| 22:08 | Build | Lumber Camp |
| 22:26 | Build | House |
| 22:27 | Build | House |
| 22:28 | Build | House |
| 22:28 | Build | House |
| 22:30 | Build | House |
| 23:02 | Queue | Archer |
| 23:03 | Queue | Archer |
| 23:18 | Queue | Archer |
| 23:18 | Queue | Archer |
| 23:23 | Build | Blacksmith |
| 23:33 | Age | Castle Age |
| 24:00 | Research | Crossbowman (upgrade) |
| 24:42 | Build | Town Center |
| 25:17 | Queue | Villager (Male) |
| 25:17 | Queue | Villager (Male) |
| 25:40 | Build | House |
| 25:42 | Build | House |
| 25:42 | Build | House |
Build order — Kinait
First 150 of 445 actions detected
| 0:01 | Queue | Villager (Male) |
| 0:01 | Queue | Villager (Male) |
| 0:02 | Queue | Villager (Male) |
| 0:02 | Build | House |
| 0:04 | Build | House |
| 0:10 | Queue | Villager (Male) |
| 1:28 | Queue | Villager (Male) |
| 2:00 | Queue | Villager (Male) |
| 2:14 | Build | Lumber Camp |
| 2:18 | Queue | Villager (Male) |
| 2:49 | Build | House |
| 2:54 | Queue | Villager (Male) |
| 3:04 | Queue | Villager (Male) |
| 3:29 | Queue | Villager (Male) |
| 3:48 | Queue | Villager (Male) |
| 4:08 | Queue | Villager (Male) |
| 4:29 | Queue | Villager (Male) |
| 4:36 | Queue | Villager (Male) |
| 4:54 | Build | Mill |
| 5:22 | Queue | Villager (Male) |
| 5:45 | Queue | Villager (Male) |
| 5:59 | Queue | Villager (Male) |
| 6:08 | Research | Loom |
| 6:26 | Queue | Villager (Male) |
| 6:39 | Build | Barracks |
| 7:05 | Research | Feudal Age |
| 7:30 | Queue | Militia |
| 7:30 | Queue | Militia |
| 8:02 | Build | Mining Camp |
| 8:35 | Queue | Militia |
| 8:59 | Queue | Militia |
| 9:15 | Age | Feudal Age |
| 9:25 | Queue | Militia |
| 9:37 | Queue | Spearman |
| 9:45 | Queue | Villager (Male) |
| 9:50 | Build | Farm |
| 10:02 | Queue | Villager (Male) |
| 10:07 | Build | Farm |
| 10:10 | Build | House |
| 10:31 | Build | House |
| 10:37 | Research | Man-at-Arms (upgrade) |
| 10:43 | Queue | Villager (Male) |
| 10:57 | Build | Blacksmith |
| 10:59 | Queue | Villager (Male) |
| 11:13 | Queue | Militia |
| 11:18 | Build | Farm |
| 11:33 | Queue | Villager (Male) |
| 11:37 | Build | Farm |
| 11:55 | Build | Watch Tower |
| 12:10 | Queue | Villager (Male) |
| 12:14 | Build | Farm |
| 12:28 | Research | Fletching |
| 12:40 | Queue | Villager (Male) |
| 13:00 | Build | Farm |
| 13:27 | Build | Mining Camp |
| 13:28 | Queue | Villager (Male) |
| 13:47 | Queue | Villager (Male) |
| 14:01 | Build | House |
| 14:24 | Queue | Villager (Male) |
| 14:32 | Build | House |
| 14:49 | Queue | Villager (Male) |
| 15:02 | Queue | Villager (Male) |
| 15:06 | Build | Archery Range |
| 15:28 | Build | Watch Tower |
| 15:32 | Queue | Villager (Male) |
| 15:50 | Research | Forging |
| 16:11 | Queue | Villager (Male) |
| 16:13 | Queue | Militia |
| 16:17 | Queue | Archer |
| 16:17 | Queue | Archer |
| 16:33 | Queue | Villager (Male) |
| 16:53 | Build | Watch Tower |
| 17:08 | Queue | Villager (Male) |
| 17:10 | Queue | Archer |
| 17:29 | Queue | Villager (Male) |
| 17:31 | Queue | Archer |
| 17:35 | Build | Farm |
| 18:00 | Build | Archery Range |
| 18:01 | Queue | Villager (Male) |
| 18:11 | Build | Archery Range |
| 18:24 | Queue | Villager (Male) |
| 18:27 | Build | Farm |
| 18:32 | Queue | Skirmisher |
| 18:36 | Research | Padded Archer Armor |
| 18:42 | Queue | Archer |
| 18:50 | Queue | Villager (Male) |
| 18:59 | Queue | Skirmisher |
| 19:26 | Queue | Villager (Male) |
| 19:27 | Queue | Skirmisher |
| 19:32 | Queue | Archer |
| 19:38 | Queue | Villager (Male) |
| 19:50 | Build | Watch Tower |
| 19:51 | Queue | Villager (Male) |
| 20:00 | Build | Lumber Camp |
| 20:54 | Build | Watch Tower |
| 21:05 | Build | Farm |
| 21:13 | Build | Farm |
| 21:15 | Queue | Villager (Male) |
| 21:35 | Build | Farm |
| 21:54 | Build | Watch Tower |
| 22:02 | Queue | Villager (Male) |
| 22:21 | Queue | Villager (Male) |
| 22:26 | Build | Farm |
| 22:31 | Queue | Archer |
| 22:37 | Build | Farm |
| 22:40 | Queue | Archer |
| 23:08 | Queue | Archer |
| 23:10 | Queue | Villager (Male) |
| 23:12 | Queue | Archer |
| 23:32 | Queue | Villager (Male) |
| 23:38 | Build | House |
| 24:04 | Queue | Archer |
| 24:14 | Build | Watch Tower |
| 24:16 | Queue | Villager (Male) |
| 24:21 | Build | Farm |
| 24:50 | Queue | Villager (Male) |
| 24:51 | Queue | Archer |
| 24:53 | Queue | Archer |
| 24:59 | Queue | Villager (Male) |
| 25:11 | Build | Market |
| 25:19 | Build | House |
| 25:29 | Queue | Villager (Male) |
| 25:35 | Build | Mining Camp |
| 25:38 | Queue | Villager (Male) |
| 25:44 | Build | House |
| 26:12 | Build | Watch Tower |
| 26:42 | Research | Double-Bit Axe |
| 27:04 | Research | Wheelbarrow |
| 27:30 | Queue | Villager (Male) |
| 27:41 | Build | Watch Tower |
| 27:55 | Queue | Villager (Male) |
| 28:29 | Queue | Villager (Male) |
| 29:05 | Queue | Villager (Male) |
| 29:13 | Research | Castle Age |
| 30:09 | Research | Horse Collar |
| 31:24 | Build | Farm |
| 31:25 | Build | Farm |
| 32:16 | Age | Castle Age |
| 32:19 | Queue | Villager (Male) |
| 32:29 | Research | Bodkin Arrow |
| 32:45 | Build | Castle |
| 32:56 | Queue | Villager (Male) |
| 33:33 | Build | Town Center |
| 33:42 | Queue | Villager (Male) |
| 34:07 | Queue | Villager (Male) |
| 34:22 | Queue | Villager (Male) |
| 34:32 | Queue | Villager (Male) |
| 34:34 | Queue | Villager (Male) |
| 34:42 | Queue | Villager (Male) |
| 34:53 | Build | Mining Camp |
Match timeline
| 6:39 | Kinait · first_building Barracks |
| 8:10 | MoroccanEmpire · first_building Barracks |
| 8:30 | MoroccanEmpire · wall_segment Palisade Wall x2 |
| 8:51 | MoroccanEmpire · age_up feudal |
| 9:08 | MoroccanEmpire · wall_segment Palisade Wall x1 |
| 9:11 | MoroccanEmpire · wall_segment Palisade Wall x1 |
| 9:15 | Kinait · age_up feudal |
| 9:18 | MoroccanEmpire · first_building Archery Range |
| 10:27 | MoroccanEmpire · wall_segment Palisade Wall x8 |
| 15:06 | Kinait · first_building Archery Range |
| 23:33 | MoroccanEmpire · age_up castle |
| 26:06 | Kinait · first_market_buy 100 stone |
| 26:36 | MoroccanEmpire · wall_segment Palisade Wall x1 |
| 32:16 | Kinait · age_up castle |
| 32:45 | Kinait · first_building Castle |
| 34:18 | MoroccanEmpire · first_building Stable |
| 35:50 | Kinait · first_building Siege Workshop |
| 40:13 | MoroccanEmpire · first_building Siege Workshop |
| 40:22 | Kinait · first_building Stable |
| 42:51 | MoroccanEmpire · first_building Castle |
| 43:59 | MoroccanEmpire · wall_segment Palisade Wall x1 |
| 44:26 | Kinait · first_market_sell 500 wood |
| 46:56 | MoroccanEmpire · first_market_sell 100 wood |
| 47:51 | Kinait · age_up imperial |
| 49:17 | Kinait · first_building Monastery |
| 50:09 | MoroccanEmpire · first_building Monastery |
| 50:11 | MoroccanEmpire · age_up imperial |
| 71:14 | MoroccanEmpire · resign |
[ AI ANALYSIS · 1 CREDIT ]
What really happened in this match?
Wolo.gg analyzes every decision: build order, eco, micro, common mistakes by bracket. Personalized analysis on WhatsApp or Discord in 30 seconds.
Civ guide
Ethiopians
Perfil
Jugador #9587848